 Dungeon Crawl Stone Soup version 0.20.1-1-g8b1a95d (webtiles) character file.

1306 letownia2 the Reanimator (level 8, 56/64 HPs)
             Began as a Deep Dwarf Necromancer on Nov 29, 2017.
             Was an Initiate of Gozag.
             Quit the game on level 6 of the Dungeon.
             The game lasted 00:13:34 (4819 turns).

letownia2 the Reanimator (Deep Dwarf Necromancer)   Turns: 4819, Time: 00:13:35

Health: 56/64      AC:  7    Str: 13    XL:     8   Next: 32%
Magic:  3/17       EV: 11    Int: 17    God:    Gozag
Gold:   916        SH:  0    Dex: 13    Spells: 16/20 levels left

rFire    . . .     SeeInvis .   a - +2 dagger (flame)
rCold    . . .     Gourm    .   (no shield)
rNeg     . . .     Faith    .   k - +0 ring mail
rPois    .         Spirit   .   (no helmet)
rElec    .         Reflect  .   (no cloak)
rCorr    .         Harm     .   E - +0 pair of gloves
MR       +....                  q - +0 pair of boots (curse)
Stlth    +.........             (no amulet)
Regen    0.0/turn               y - ring of flight
MPRegen  0.2/turn               (no ring)

@: non-regenerating
A: damage resistance, heal wounds, sense surroundings 1, no regeneration
a: Heal Wounds, Potion Petition, Call Merchant, Bribe Branch, Renounce Religion,
Evoke Flight


You were on level 6 of the Dungeon.
You worshipped Gozag.
Gozag was pleased with you.
You were not hungry.

You visited 2 branches of the dungeon, and saw 7 of its levels.

You collected 984 gold pieces.
You paid 68 gold pieces to Gozag.

Inventory:

Hand Weapons
 a - a +2 dagger of flaming (weapon)
 b - a +2 dagger of holy wrath
 o - a +0 halberd
Missiles
 g - 9 tomahawks (quivered)
Armour
 d - a +0 buckler
 h - a +0 scale mail
 k - a +0 ring mail (worn)
 q - a cursed +0 pair of boots (worn)
 E - a +0 pair of gloves (worn)
Jewellery
 y - a ring of flight (left hand)
Wands
 B - a wand of enslavement (8/24)
Scrolls
 c - 2 scrolls of enchant armour {unknown}
 m - a scroll of amnesia {unknown}
 n - a scroll of identify {unknown}
 r - a scroll of fog {unknown}
 t - 3 scrolls of immolation {unknown}
 v - a scroll of recharging {unknown}
 w - 2 scrolls of magic mapping {unknown}
 D - a scroll of teleportation {unknown}
Potions
 e - 2 potions of haste {unknown}
 f - a potion of heal wounds {unknown}
 i - 2 potions of degeneration {unknown}
 j - 2 potions of agility {unknown}
 z - a potion of berserk rage {unknown}
 A - 2 potions of might {unknown}
 C - a potion of flight {unknown}
Books
 l - a book of Conjurations

   Spells                             Type                      Level
   a - Magic Dart                     Conjuration                  1
   b - Searing Ray                    Conjuration                  2
   c - Dazzling Spray                 Conjuration/Hexes            3
   d - Fulminant Prism                Conjuration/Hexes            4
   e - Force Lance                    Conjuration/Translocation    4
   f - Iskenderun's Mystic Blast      Conjuration                  4
 u - a book of Necromancy

   Spells                             Type                      Level
   a - Pain                           Necromancy                   1
   b - Animate Skeleton               Necromancy                   1
   c - Vampiric Draining              Necromancy                   3
   d - Regeneration                   Charms/Necromancy            3
   e - Animate Dead                   Necromancy                   4
   f - Control Undead                 Necromancy                   4
Comestibles
 p - a meat ration
 s - 5 fruits
 x - 4 bread rations


   Skills:
 - Level 1.2 Fighting
 - Level 2.1 Dodging
 - Level 2.4 Stealth
 + Level 6.5 Spellcasting
 - Level 8.4 Necromancy


You had 16 spell levels left.
You knew the following spells:

 Your Spells              Type           Power        Failure   Level  Hunger
a - Pain                  Necr           ####         1%          1    None
v - Vampiric Draining     Necr           ####......   2%          3    ##.....


Dungeon Overview and Level Annotations

Branches:
Dungeon (6/15)             Temple (1/1) D:4

Altars:
Ashenzari
Cheibriados
Dithmenos
Elyvilon
Gozag
Hepliaklqana
Makhleb
Nemelex Xobeh
Okawaru
Qazlal
Sif Muna
Trog
Xom
Yredelemnul
Zin
The Shining One

Annotations:
D:3 1 exclusion, dxctxrx's ghost, amateur DDFi
D:4 letownia2's ghost, weakling DDNe


Innate Abilities, Weirdness & Mutations

You are resistant to damage.
You can heal yourself by infusing magical energy.
You passively map a small area around you.
You do not regenerate.


Message History

You feel life coursing into your body.
You now have 916 gold pieces (gained 6).
Found a stone staircase leading down.
Found a mace.
You see here a mace.
Done exploring.
Done exploring.
Done exploring.
Wield which item (- for none, * to show all)? (? for menu, Esc to quit)
Okay, then.
Unknown command.
Unknown command.
Put on which piece of jewellery? (? for menu, Esc to quit)
Okay, then.
Put on which piece of jewellery? (? for menu, Esc to quit)
y - a ring of flight (left hand) Unknown command.
Okay, then.
Okay, then.
Are you sure you want to abandon this character and quit the game? (Confirm with "yes".)

..#..#.#.#...#
.............# ###
.............# #.#
..#..#.#.....# #.#
..#.##.#.#...# #.#
.............###.#
...<.............#
........###.>###.#
....#...####.###@#
..............)..#
...###...###.#####
.............#
..<####..#####
.#.####..#
........##
##.###### ...#


There were no monsters in sight!

Vanquished Creatures
  A black bear (D:6)
  2 ogres
  3 centaurs
  3 bullfrogs (D:6)
  A howler monkey (D:6)
  A crimson imp (D:6)
  A jelly (D:6)
  An orc priest (D:4)
  A hound (D:3)
  2 iguanas
  A worker ant (D:5)
  Natasha (thrice) (D:3)
  A hound zombie (D:4)
  A hound skeleton (D:4)
  3 gnolls
  10 adders
  2 shadow imps
  2 oozes (D:3)
  4 adder skeletons
  3 worms
  3 dart slugs
  6 leopard geckos
  10 orcs
  5 giant cockroaches
  9 hobgoblins
  5 jackals
  4 quokkas
  A ball python skeleton (D:4)
  12 bats
  5 frilled lizards
  5 goblins
  6 kobolds
  A leopard gecko skeleton (D:4)
  2 quokka skeletons
  10 rats
130 creatures vanquished.

Notes
Turn   | Place    | Note
-------+----------+-------------------------------------------
     0 | D:1      | letownia2 the Deep Dwarf Necromancer began the quest for the Orb.
     0 | D:1      | Reached XP level 1. HP: 15/15 MP: 3/3
   299 | D:3      | Noticed dxctxrx's ghost (amateur DDFi)
   334 | D:2      | Reached XP level 2. HP: 20/22 MP: 1/5
   459 | D:3      | Reached skill level 5 in Necromancy
   496 | D:3      | Reached XP level 3. HP: 26/28 MP: 1/6
   516 | D:3      | Learned a level 3 spell: Vampiric Draining
   590 | D:4      | Reached skill level 6 in Necromancy
   590 | D:4      | Reached XP level 4. HP: 33/36 MP: 7/7
  1038 | D:4      | Reached skill level 1 in Fighting
  1038 | D:4      | Reached XP level 5. HP: 42/44 MP: 1/8
  1329 | D:4      | Found a staircase to the Ecumenical Temple.
  1343 | Temple   | Entered the Ecumenical Temple
  1442 | Temple   | Became a worshipper of Gozag Ym Sagoz the Greedy
  1485 | D:4      | Noticed an ogre
  1500 | D:4      | Killed an ogre
  1522 | D:4      | Noticed an ogre
  1734 | D:2      | Reached XP level 6. HP: 36/51 MP: 2/11
  2900 | D:3      | Reached skill level 7 in Necromancy
  3009 | D:3      | Found a shimmering altar of Xom.
  3025 | D:3      | Noticed Natasha
  3030 | D:3      | Killed Natasha
  3048 | D:3      | Noticed Natasha
  3060 | D:3      | Killed Natasha
  3113 | D:3      | Noticed Natasha
  3118 | D:3      | Killed Natasha
  3247 | D:4      | Noticed letownia2's ghost (weakling DDNe)
  3308 | D:4      | Reached skill level 8 in Necromancy
  3484 | D:5      | Entered Level 5 of the Dungeon
  3539 | D:5      | Reached XP level 7. HP: 52/57 MP: 1/12
  3700 | D:5      | Noticed a two-headed ogre
  4253 | D:6      | Reached skill level 5 in Spellcasting
  4303 | D:6      | Reached XP level 8. HP: 45/64 MP: 0/16
  4634 | D:6      | Found a shadowy altar of Dithmenos.
  4819 | D:6      | Quit the game

Skill      XL: |  1  2  3  4  5  6  7  8 |
---------------+-------------------------+-----
Spellcasting   | 2 3 5 6 |  6.5
Necromancy     | 5 6 8 |  8.4
Fighting       | 1 |  1.2
Dodging        | |  2.1
Stealth        | |  2.4

Action                   |  1- 3 |  4- 6 |  7- 9 || total
-------------------------+-------+-------+-------++-------
Melee: Unarmed           |     1 |       |       ||     1
       Dagger            |    13 |    30 |    58 ||   101
Throw: Tomahawk          |     4 |    12 |       ||    16
 Cast: Pain              |    25 |   147 |    31 ||   203
       Vampiric Draining |       |    22 |    26 ||    48
Evoke: Wand              |       |       |     1 ||     1
 Stab: Sleeping          |       |     1 |       ||     1
  Eat: Chunk             |       |     3 |       ||     3
       Meat ration       |       |     1 |     1 ||     2
       Bread ration      |       |     1 |       ||     1
Armor: Robe              |    13 |       |       ||    13
       Ring mail         |     3 |    30 |    32 ||    65
Dodge: Dodged            |    35 |    49 |    55 ||   139
